 Dungeon Crawl Stone Soup version 0.30-a0-756-gc2185399d4 (webtiles) character file.

Game seed: 13199265235879021398

107 sanka the Chopper (level 4, 0/38 HPs)
             Began as a Ghoul Gladiator on Feb 9, 2023.
             Slain by an orc
             ... wielding a +0 dagger
              (3 damage)
             ... on level 3 of the Dungeon.
             The game lasted 00:03:01 (1220 turns).

sanka the Chopper (Ghoul Gladiator)                 Turns: 1220, Time: 00:03:02

Health: 0/38       AC: 11    Str: 19    XL:     4   Next: 86%
Magic:  3/3        EV:  6    Int:  3    God:
Gold:   80         SH:  0    Dex: 10    Spells: 3/3 levels left

rFire   . . .      SeeInvis +    a - +0 war axe
rCold   + . .      Faith    +    (no shield)
rNeg    + + +      Spirit   .    p - +0 plate armour
rPois   ∞          Reflect  .    c - +0 helmet
rElec   .          Harm     .    (no cloak)
rCorr   .          Rampage  .    (no gloves)
Will    .....                    (no boots)
Stlth   x                          - amulet of faith
HPRegen 0.00/turn                (no ring)
MPRegen 0.08/turn                t - ring of see invisible

@: inhibited regen
A: claws 1, cold resistance 1, negative energy resistance 3, inhibited
regeneration, torment resistance 2, devour on kill
a: no special abilities


You were on level 3 of the Dungeon.
You visited 1 branch of the dungeon, and saw 3 of its levels.

You collected 80 gold pieces.


Innate Abilities, Weirdness & Mutations

You are immune to poison.
You have sharp fingernails.
Your flesh is cold resistant. (rC+)
You are immune to negative energy. (rN+++)
You do not regenerate when monsters are visible.
You are immune to unholy pain and torment.
You thrive by killing the living.


   Skills:
 - Level 3.0 Fighting
 + Level 4.1 Axes
 - Level 1.7 Throwing
 + Level 1.6 Armour
 - Level 2.6 Dodging


You had 3 spell levels left.
You didn't know any spells.
Your spell library contained the following spells:

 Spells                   Type           Power      Damage    Failure   Level
 Ozocubu's Armour         Ice            0%         N/A       100%        3
 Metabolic Englaciation   Hex/Ice        0%         N/A       100%        5
 Simulacrum               Ice/Necr       0%         N/A       100%        6

Inventory:

Hand Weapons
 a - a +0 war axe (weapon)
Missiles
 d - 3 throwing nets (quivered) {=f}
 e - a javelin
Armour
 c - a +0 helmet (worn)
 p - a +0 plate armour (worn)
Jewellery
 t - a ring of see invisible (right claw)
 x - an amulet of faith (around neck)
Wands
 v - a wand of iceblast (10)
 y - a wand of polymorph (9)
Scrolls
 b - a scroll of torment {unknown}
 i - a scroll of butterflies {unknown}
 j - a scroll of enchant armour {unknown}
 l - a scroll of teleportation {unknown}
 m - a scroll of fog {unknown}
 n - a scroll of magic mapping {unknown}
 w - a scroll of blinking {unknown}
 z - 2 scrolls of identify {unknown}
Potions
 f - a potion of brilliance {unknown}
 g - 2 potions of curing {unknown}
 h - a potion of degeneration {unknown}
 k - a potion of might {unknown}
 o - a potion of cancellation {unknown}
 q - 3 potions of haste {unknown}
 r - a potion of mutation {unknown}
 s - a potion of heal wounds {unknown}
 u - a potion of ambrosia {unknown}

Dungeon Overview and Level Annotations

Branches:
Dungeon (3/15)

Altars:
Yredelemnul

▒......▒▒ ▒..o...+
▒oB....▒ ▒▒o..▒....
▒.g..▒.▒▒▒▒▒
▒.J▒+▒.▒...▒'▒
▒..............
▒.o............
▒.n...▒.......
▒▒▒▒▒.....▒.......
▒..............▒+▒.
▒▒.▒▒.▒............
▒.▒▒....†..(......
▒.▒▒▒▒............
▒.▒ ▒.▒▒▒.▒▒+▒+▒.
▒.▒ ▒.....▒..
▒.▒▒▒▒▒▒▒▒▒▒..


You could see an orc priest, an orc wizard (invisible), 2 orcs, an endoplasm, a
giant cockroach and a goblin.


Message History

The orc wizard flickers and vanishes for a moment.
You bump into the rock wall.
An orc priest comes into view. It is wielding a +0 club.
You feel less confused.
The orc priest shouts!
The orc priest begins to cast a cantrip, but forgets the words!
A giant cockroach comes into view.
The orc attacks as you move away! The orc hits you but does no damage.
The orc attacks as you move away! The orc hits you but does no damage.
The orc attacks as you move away! The orc hits you with a +0 dagger.
A goblin opens the door.
The orc attacks as you move away! The orc hits you but does no damage.
The goblin shouts!
The orc attacks as you move away! The orc hits you but does no damage.
The orc attacks as you move away! The orc hits you but does no damage.
The orc priest mumbles some strange prayers to Beogh against you.
Beogh smites you!
* * * LOW HITPOINT WARNING * * *
The orc priest invokes the aid of Beogh against you.
Beogh smites you!
* * * LOW HITPOINT WARNING * * *
The orc attacks as you move away! The orc hits you with a +0 dagger.
You die...

Action                     |  1- 3 |  4- 6 || total
---------------------------+-------+-------++-------
  Melee: War axe           |    70 |    64 ||   134
 Armour: Leather armour    |    16 |       ||    16
         Plate armour      |    13 |    60 ||    73
  Dodge: Dodged            |    55 |    27 ||    82

Levels and vault maps discovered:
D:1:      scummos_arrival_checkerplants, layout_rooms, minmay_misc_feat_hallway,
          minmay_misc_feat_chi
D:2:      layout_rooms, basic_altar
D:3:      layout_basic, uniq_grinder

Notes
Turn   | Place    | Note
-------+----------+-------------------------------------------
     0 | D:1      | sanka the Ghoul Gladiator began the quest for the Orb.
     0 | D:1      | Reached XP level 1. HP: 17/17 MP: 0/0
     9 | D:1      | Reached XP level 2. HP: 18/25 MP: 1/1
    10 | D:1      | Reached skill level 3 in Fighting
    61 | D:1      | Reached skill level 3 in Axes
   109 | D:1      | Reached XP level 3. HP: 26/31 MP: 2/2
   638 | D:2      | Reached XP level 4. HP: 38/38 MP: 3/3
   738 | D:2      | Reached skill level 1 in Armour
   826 | D:2      | Reached skill level 4 in Axes
   833 | D:2      | Found a basalt altar of Yredelemnul.
  1216 | D:3      | HP: 3/38 [orc priest/divine providence (16)]
  1220 | D:3      | Slain by an orc

Vanquished Creatures
  5 adders
  4 dart slugs
  9 bats
  6 endoplasms
  4 goblins
  5 hobgoblins
  6 jackals (D:1)
  4 ball pythons
  3 frilled lizards (D:1)
  2 kobolds
  7 rats
55 creatures vanquished.
